AoeStats
← weinerthenry

Arabia

503166317Analyzed
1v1 RM · 10d ago on Aug 30, 2026· 31m 8s· 2 players
Game mode
Random Map
Map size
Tiny (2 player)
Population
200
Speed
Normal
Resources
Standard
Victory
Conquest
Starting age
Dark Age
Ending age
Imperial Age
RankedLock teamsTeams togetherTeam positionsShared explorationLock speedFull tech treeHidden civsTurbo modeCheats
Victory
Defeat
🇵🇹 Aztecs · Portugal
1075
+15
🇩🇪 Bulgarians · Germany
1046
-15
weinerthenry
0:40 Loom
10:31 Feudal Age
12:38 Arson
21:32 Castle Age
19:44 Double-Bit Axe
19:45 Horse Collar
22:40 Wheelbarrow
22:26 Squires
22:43 Squires
23:12 Forging
26:05 Gambesons
Sabonete
1:16 Loom
9:54 Feudal Age
12:26 Horse Collar
15:39 Fletching
16:58 Padded Archer Armor
21:31 Castle Age
20:00 Double-Bit Axe
22:50 Wheelbarrow
23:45 Crossbowman
Connection lost

Rejoining the realm…

Still unreachable

The connection could not be restored.

Session expired

The server has moved on; the page needs a fresh start.